 Dungeon Crawl Stone Soup version 0.29-a0-121-g8efb068a30 (webtiles) character file.

Game seed: 3214714000701556268

364867 drugrobin the Impaler (level 20, -5/176 (187) HPs)
             Began as a Demigod Warper on Feb 20, 2022.
             Slain by a vault warden (25 damage)
             ... on level 5 of the Vaults on Feb 21, 2022.
             The game lasted 05:55:42 (77579 turns).

drugrobin the Impaler (Demigod Warper)             Turns: 77579, Time: 05:55:42

HP:   -5/176 (187)  AC: 21    Str: 24    XL:     20   Next: 68%
MP:   21/37         EV: 14    Int: 43    God:
Gold: 1224          SH:  5    Dex: 19    Spells: 1/36 levels left

rFire   + + .      SeeInvis .   d - +2 glaive (vamp)
rCold   + + .      Faith    .   (shield currently unavailable)
rNeg    + . .      Spirit   .   x - +7 chain mail of the Pit {Contam rC+ Will- Int+10}
rPois   +          Reflect  +   y - -2 hat of the Alchemist {rElec rPois rF+ rC+ rN+ Will+ rMut rCorr}
rElec   +          Harm     .   n - scarf {repulsion}
rCorr   +          Rampage  .   b - +0 pair of gloves of the Nexus {+Inv rPois Will+}
rMut    +                       V - +0 pair of boots
Will    ++...                   w - amulet of reflection
Stlth   ..........              z - +6 ring of intelligence
HPRegen 0.39/turn               E - ring "Wenyk" {rElec rF+ Will+ Dex+6 Stlth-}
MPRegen 0.25/turn

@: weak-willed, studying Long Blades, drained, repel missiles
A: high MP 1, forlorn, divine attributes
}: 2/15 runes: barnacled, gossamer
a: Evoke Invisibility


You were on level 5 of the Vaults.
You visited 7 branches of the dungeon, and saw 38 of its levels.
You visited the Abyss 1 time.
You also visited: Bailey, Ice Cave and Wizlab.

You collected 4318 gold pieces.
You spent 3094 gold pieces at shops.

Inventory:

Hand Weapons
 a - the +8 glaive of the Guard {elec, spectral, AC+5}
   (You bought it in a shop on level 2 of the Orcish Mines)

   It occasionally discharges a powerful burst of electricity upon striking a
   foe.
   When it strikes, its spirit leaps out and fights alongside the wielder.
   AC:        It affects your AC (+5).
 c - a +7 bardiche of flaming
 d - a +2 vampiric glaive (weapon)
 e - a +4 trident of venom
Missiles
 i - 26 javelins (quivered)
 T - 7 curare-tipped darts
Armour
 b - the +0 pair of gloves of the Nexus (worn) {+Inv rPois Will+}
   (You found it on level 2 of the Spider Nest)

   rPois:     It protects you from poison.
   +Inv:      It lets you turn invisible.
   Will:      It increases your willpower.
 l - a +1 cloak of preservation
 n - a scarf of repulsion (worn)
 o - a +0 kite shield of reflection
 x - the +7 chain mail of the Pit (worn) {Contam rC+ Will- Int+10}
   (You found it on level 4 of the Dungeon)

   Int:       It affects your intelligence (+10).
   rC:        It protects you from cold.
   Contam:    It causes magical contamination when unequipped.
   Will:      It decreases your willpower.
 y - the -2 hat of the Alchemist (worn) {rElec rPois rF+ rC+ rN+ Will+ rMut rCorr}
   (You found it in a wizard's laboratory)

   rF:        It protects you from fire.
   rC:        It protects you from cold.
   rElec:     It insulates you from electricity.
   rPois:     It protects you from poison.
   rN:        It protects you from negative energy.
   rCorr:     It protects you from acid and corrosion.
   rMut:      It protects you from mutation.
   Will:      It increases your willpower.
 V - a +0 pair of boots (worn)
Jewellery
 f - a ring of willpower
 s - a ring of protection from cold
 w - an amulet of reflection (around neck)
 z - a +6 ring of intelligence (left hand)
 A - a ring of flight
 E - the ring "Wenyk" (right hand) {rElec rF+ Will+ Dex+6 Stlth-}
   (You acquired it on level 1 of the Lair of Beasts)

   [ring of dexterity]

   Dex:       It affects your dexterity (+6).
   rF:        It protects you from fire.
   rElec:     It insulates you from electricity.
   Will:      It increases your willpower.
   Stlth:     It makes you less stealthy.
 M - a ring of positive energy
 P - the ring "Aholeu" {Ice +Blink rPois Dex-2}
   (You found it in an ice cave)

   [ring of ice]

   It enhances your ice magic.
   Dex:       It affects your dexterity (-2).
   rF:        It makes you vulnerable to fire.
   rC:        It protects you from cold.
   rPois:     It protects you from poison.
   +Blink:    It lets you blink.
 R - the ring "Tattiaz" {Fire rPois Dex+3}
   (You found it on level 2 of the Vaults)

   [ring of fire]

   It enhances your fire magic.
   Dex:       It affects your dexterity (+3).
   rF:        It protects you from fire.
   rC:        It makes you vulnerable to cold.
   rPois:     It protects you from poison.
 S - a ring of see invisible
Wands
 h - a wand of paralysis (17)
 F - a wand of digging (4)
 G - a wand of iceblast (15)
 H - a wand of acid (13)
 Q - a wand of mindburst (17)
Scrolls
 m - 6 scrolls of enchant armour
 p - 7 scrolls of magic mapping
 q - 7 scrolls of teleportation
 u - 6 scrolls of summoning
 B - a scroll of silence
 C - a scroll of brand weapon
 I - 3 scrolls of fear
 Y - 8 scrolls of amnesia
 Z - a scroll of enchant weapon
Potions
 j - 3 potions of berserk rage
 k - 11 potions of haste
 r - 4 potions of brilliance
 t - 3 potions of cancellation
 v - 3 potions of invisibility
 J - 3 potions of lignification
 K - 6 potions of might
 L - 7 potions of resistance
 O - 11 potions of curing
 U - 15 potions of ambrosia
 X - 24 potions of mutation
Miscellaneous
 g - a condenser vane (inert)
 D - a phantom mirror


   Skills:
 + Level 18.1 Fighting
 - Level 20.0 Polearms
 - Level 0.8 Throwing
 - Level 14.0 Armour
 - Level 10.1 Dodging
 + Level 8.7 Spellcasting
 - Level 5.0 Conjurations
 * Level 6.4 Necromancy
 - Level 13.9 Translocations
 - Level 9.0 Evocations


You had one spell level left.
You knew the following spells:

 Your Spells              Type           Power      Damage    Failure   Level
a - Blink                 Tloc           100%       N/A       1%          2
b - Teleport Other        Tloc           95%        N/A       1%          3
c - Gell's Gravitas       Tloc           95%        N/A       1%          3
d - Manifold Assault      Tloc           95%        N/A       1%          5
e - Mephitic Cloud        Conj/Pois/Air  33%        N/A       11%         3
f - Lesser Beckoning      Tloc           95%        N/A       1%          3
g - Dispersal             Tloc           47%        N/A       3%          6
h - Summon Forest         Summ/Tloc      34%        N/A       12%         5
i - Animate Dead          Necr           32%        N/A       4%          4
q - Apportation           Tloc           100%       N/A       1%          1

Your spell library contained the following spells:

 Spells                   Type           Power      Damage    Failure   Level
 Animate Skeleton         Necr           100%       N/A       1%          1
 Magic Dart               Conj           100%       1d8       1%          1
 Pain                     Necr           100%       1d9       1%          1
 Beastly Appendage        Tmut           36%        N/A       7%          1
 Freeze                   Ice            72%        1d9       7%          1
 Sting                    Tmut/Pois      72%        1d6       7%          1
 Summon Small Mammal      Summ           72%        N/A       7%          1
 Searing Ray              Conj           100%       2d8       1%          2
 Sublimation of Blood     Necr           65%        N/A       1%          2
 Portal Projectile        Hex/Tloc       100%       N/A       1%          3
 Vampiric Draining        Necr           65%        2d10      1%          3
 Dazzling Flash           Conj/Hex       80%        N/A       8%          3
 Call Imp                 Summ           18%        N/A       11%         2
 Ensorcelled Hibernation  Hex/Ice        36%        N/A       11%         2
 Passwall                 Tmut/Erth      15%        N/A       11%         2
 Scorch                   Fire           36%        2d6       11%         2
 Wereblood                Tmut           18%        N/A       11%         2
 Agony                    Necr           65%        N/A       14%         5
 Anguish                  Hex/Necr       23%        N/A       19%         4
 Call Canine Familiar     Summ           18%        N/A       22%         3
 Confusing Touch          Hex            18%        N/A       22%         3
 Frozen Ramparts          Ice            36%        1d5       22%         3
 Ignite Poison            Fire/Tmut/Pois 18%        N/A       22%         3
 Inner Flame              Hex/Fire       18%        N/A       22%         3
 Ozocubu's Armour         Ice            18%        N/A       22%         3
 Spider Form              Tmut/Pois      18%        N/A       22%         3
 Summon Guardian Golem    Hex/Summ       18%        N/A       22%         3
 Swiftness                Air            18%        N/A       22%         3
 Flame Wave               Conj/Fire      40%        2d9       26%         4
 Fulminant Prism          Conj/Hex       20%        3d13      26%         4
 Hailstorm                Conj/Ice       40%        3d10      26%         4
 Iskenderun's Battlesphe  Conj           58%        2d11      26%         5
 Borgnjor's Vile Clutch   Necr/Erth      23%        N/A       47%         5
 Cause Fear               Hex            9%         N/A       56%         4
 Ice Form                 Ice/Tmut       18%        N/A       56%         4
 Leda's Liquefaction      Hex/Erth       9%         N/A       56%         4
 Summon Ice Beast         Ice/Summ       18%        N/A       56%         4
 Fireball                 Conj/Fire      20%        3d10      56%         5
 Irradiate                Conj/Tmut      20%        3d20      56%         5
 Disjunction              Tloc           47%        N/A       83%         8
 Alistair's Intoxication  Tmut/Pois      12%        N/A       89%         5
 Blade Hands              Tmut           9%         N/A       89%         5
 Metabolic Englaciation   Hex/Ice        9%         N/A       89%         5
 Silence                  Hex/Air        9%         N/A       89%         5
 Summon Mana Viper        Hex/Summ       18%        N/A       89%         5
 Yara's Violent Unravell  Hex/Tmut       9%         3d6       89%         5
 Simulacrum               Ice/Necr       23%        N/A       96%         6
 Conjure Ball Lightning   Conj/Air       20%        3x3d6     98%         6
 Iron Shot                Conj/Erth      20%        9d5       98%         6
 Starburst                Conj/Fire      20%        6d7       98%         6
 Eringya's Noxious Bog    Tmut/Pois      9%         N/A       100%        6
 Summon Cactus Giant      Summ           9%         N/A       100%        6
 Dragon Form              Tmut           9%         N/A       100%        7
 Enfeeble                 Hex            9%         N/A       100%        7
 Haunt                    Necr/Summ      23%        N/A       100%        7
 Monstrous Menagerie      Summ           9%         N/A       100%        7
 Spellforged Servitor     Conj/Summ      20%        N/A       100%        7
 Summon Hydra             Summ           9%         N/A       100%        7
 Discord                  Hex            9%         N/A       100%        8
 Ignition                 Fire           9%         3d5       100%        8
 Necromutation            Tmut/Necr      23%        N/A       100%        8
 Death's Door             Necr           32%        N/A       100%        9


Dungeon Overview and Level Annotations

Branches:
Dungeon (15/15)            Temple (0/1) D:5            Lair (6/6) D:9
 Shoals (4/4) Lair:3       Spider (4/4) Lair:2        Slime (0/5) Lair:5
    Orc (2/2) D:10            Elf (0/3) Orc:2        Vaults (5/5) D:13
  Crypt (0/3) Vaults:3     Depths (2/4) D:15         Bailey (visited)
  IceCv (visited)          WizLab (visited)

Shops:
D:1 !   D:13 *   Orc:2 [!(*   Shoals:1 *   Shoals:3 :(   Shoals:4 [

Portals:
Hell: Lair:6 Depths:1 Depths:2
Pandemonium: Depths:2
Ziggurat: Depths:2
Trove: D:11 (give +2 shadow dragon scales)

Annotations:
D:5 cyrus's ghost, novice MiFi
D:10 1 transporter
D:14 3 runed translucent doors
Orc:1 Saint Roka; Snorg


Innate Abilities, Weirdness & Mutations

You have an increased reservoir of magic. (+10% MP)
You shall have no god before yourself.
Your divine heritage dramatically boosts your attributes as you level up.


Message History

Unknown command.
You slice the vault warden!!
You feel better.
The vault warden is moderately wounded.
The vault warden hits you but does no damage.
Unknown command.
Unknown command.
Unknown command.
Unknown command.
You slice the vault warden!!
The vault warden is heavily wounded.
The vault warden hits you with a +0 dire flail!
* * * LOW HITPOINT WARNING * * *
Unknown command.
Unknown command.
Unknown command.
Casting: Dispersal (dangerous; 3% risk of failure)
Confirm with . or Enter, or press ? or * to list all spells.
You blink.
Found a +0 plate armour.
The stone giant throws a large rock.
The large rock hits you!!
* * * LOW HITPOINT WARNING * * *
Unknown command.
Unknown command.
Unknown command.
You are confused.
You feel invigorated.
You're too confused to aim your attacks!
Unknown command.
Unknown command.
The stone giant throws a large rock.
The large rock closely misses you.
The vault warden hits you with a +0 dire flail!!
* * * LOW HITPOINT WARNING * * *
Unknown command.
Unknown command.
Unknown command.
Unknown command.
You bump into the heavily etched metal wall.
You feel less invigorated.
You feel less confused.
The vault warden hits you with a +0 dire flail!!
You die...

.......#
......#
[....#
....#
...#
#..#
#..#
#.@#
#Cp#
#..#
#..#
#..#
#..#
#..#
#..#
#..#


You could see a stone giant and a vault warden.

Vanquished Creatures
  Mara (Vaults:3)
  Frederick (Vaults:4)
  A golden dragon (Vaults:5)
  Nikola (Shoals:3)
  Jory (Vaults:3)
  A mutant beast (WizLab)
  Arachne (Spider:4)
  Jorgrun (D:12)
  A walking earthen tome (Depths:1)
  2 liches
  A titan (Vaults:2)
  4 krakens
  Gastronok (Orc:1)
  4 sphinxes
  2 shadow dragons (Vaults:5)
  2 tengu reavers
  Ilsuiw (Shoals:4)
  2 fire giants
  A draconian knight (IceCv)
  5 orc warlords
  6 emperor scorpions
  A frost giant (Vaults:5)
  9 vault wardens
  Louise (Shoals:1)
  4 ghost moths
  Aizul (Shoals:4)
  13 ironbound preservers
  5 broodmothers
  17 very ugly things
  4 stone giants (Depths:1)
  3 war gargoyles
  4 ironbound thunderhulks
  9 dire elephants
  A minotaur (Lair:5)
  7 entropy weavers
  5 white draconians (IceCv)
  2 spark wasps (Spider:4)
  2 eidola (Vaults:3)
  A spark wasp (shapeshifter) (WizLab)
  6 merfolk javelineers (Shoals:4)
  A crystal guardian (Vaults:3)
  A deep elf death mage (Vaults:4)
  3 ettins
  5 merfolk impalers
  5 fire dragons
  The ghost of Obruor the Thaumaturge, a journeyman DgEE (D:13)
  10 yaktaur captains
  A deep elf high priest (Vaults:5)
  A great orb of eyes (Vaults:2)
  5 boulder beetles
  A rakshasa (Depths:2)
  31 vault guards
  9 hydras
  2 peacekeepers
  Fannar (Lair:2)
  5 merfolk avatars
  6 ironbound frosthearts
  A jorogumo (Lair:2)
  3 spriggan air magi (Depths:1)
  12 centaur warriors
  4 ogre magi
  3 catoblepae
  2 alligator snapping turtles
  2 satyrs
  A radroach (Lair:2)
  3 merfolk aquamancers
  4 tengu warriors
  8 two-headed ogres
  A vampire mage (Depths:1)
  2 deep troll earth magi
  5 hell hogs (Depths:1)
  4 spriggan berserkers
  Sonja (Orc:1)
  4 hell knights
  2 soul eaters (Depths:1)
  4 sun demons
  Nergalle (Lair:1)
  3 iron trolls (Vaults:1)
  6 pharaoh ants
  14 sea snakes
  A sun moth (Spider:4)
  2 glowing orange brains
  3 skeletal warriors
  9 orb spiders
  A deep troll (shapeshifter) (Vaults:5)
  7 steelbarb worms
  An obsidian statue (D:11)
  A steelbarb worm (shapeshifter) (WizLab)
  10 lindwurms
  47 deep trolls
  An orange crystal statue (IceCv)
  34 harpies
  13 ironbound convokers
  2 necromancers
  13 wizards
  An orc knight (Orc:1)
  A lindwurm (shapeshifter) (WizLab)
  A mana viper (Abyss:2)
  16 wolf spiders
  A mana viper (shapeshifter) (D:13)
  4 deep elf pyromancers
  A faun (shapeshifter) (WizLab)
  4 orc sorcerers
  18 fauns
  58 ugly things
  A moth of wrath (Lair:2)
  11 cyclopes
  9 merfolk sirens
  10 water nymphs
  7 large abominations (WizLab)
  21 manticores
  Joseph (D:9)
  4 elephants (Lair:2)
  An ice statue (Shoals:3)
  2 centaur zombies
  A black mamba (shapeshifter) (WizLab)
  2 orange demons (Lair:6)
  A torpor snail (Spider:3)
  3 naga magi (Vaults:4)
  15 vault sentinels
  A gargoyle (Bailey)
  5 storm dragon simulacra (IceCv)
  4 black mambas
  16 cane toads
  3 unseen horrors (shapeshifter)
  7 demonic crawlers
  A hellion (Depths:1)
  Maggie (D:7)
  5 rime drakes
  7 komodo dragons
  A komodo dragon (shapeshifter) (WizLab)
  2 efreet (D:14)
  2 elves (WizLab)
  A hellwing (Lair:6)
  A human skeleton (Vaults:5)
  An ice devil (Lair:6)
  14 yaktaurs
  3 tengu conjurers
  8 golden dragon simulacra (IceCv)
  12 trolls
  A polar bear (Lair:6)
  A meliai (shapeshifter) (WizLab)
  3 meliai
  2 red devils (Lair:6)
  A merfolk (shapeshifter) (WizLab)
  A queen bee (Lair:2)
  2 queen bees (shapeshifter) (WizLab)
  30 merfolk
  4 wind drakes
  2 polar bears (shapeshifter) (WizLab)
  2 hornets (shapeshifter) (WizLab)
  27 tarantellas
  13 dream sheep
  24 slime creatures
  12 hornets
  17 blink frogs
  2 blink frogs (shapeshifter) (WizLab)
  4 snapping turtles
  A raiju (shapeshifter) (WizLab)
  A culicivora (shapeshifter) (WizLab)
  A jumping spider (shapeshifter) (WizLab)
  2 vampires
  22 jumping spiders
  A spriggan (Depths:1)
  4 spriggans (shapeshifter) (WizLab)
  9 water elementals
  A shadow (D:11)
  An ettin skeleton (Vaults:5)
  14 culicivoras
  30 yaks
  11 humans
  A fire bat (D:10)
  A basilisk (shapeshifter) (D:15)
  A golden eye (shapeshifter) (WizLab)
  A hog (shapeshifter) (WizLab)
  2 wraiths (Vaults:3)
  4 basilisks
  55 redbacks
  3 steam dragons
  An iron golem (WizLab)
  11 vampire mosquitoes
  7 wargs
  2 acid dragons
  12 water moccasins
  6 floating eyes
  3 hell hounds (Lair:6)
  2 sky beasts
  20 orc warriors
  2 sky beasts (shapeshifter) (WizLab)
  2 necrophages
  2 ice beasts
  9 wolves
  16 centaurs
  2 boggarts (Vaults:2)
  21 ogres
  2 kobold brigands
  9 bullfrogs
  A gnoll sergeant (Orc:1)
  A wyvern zombie (D:9)
  A scorpion (D:7)
  10 small abominations
  A wyvern skeleton (D:7)
  33 killer bees
  8 lindwurm simulacra (IceCv)
  An electric eel (Lair:1)
  4 howler monkeys
  6 vampire bats (Bailey)
  5 wolf zombies (Bailey)
  4 jellies
  3 hounds
  A gnoll shaman (D:8)
  A bullfrog skeleton (D:6)
  10 orc priests
  Ijyb (D:5)
  2 iguanas
  20 orc wizards
  A killer bee zombie (D:7)
  2 howler monkey zombies (D:8)
  Robin (D:4)
  9 gnolls
  4 adders
  A shadow imp (D:6)
  2 white imps
  An adder skeleton (D:4)
  A worm (D:5)
  A dart slug (D:4)
  79 orcs
  4 ball pythons
  4 endoplasms
  2 giant cockroaches
  13 hobgoblins
  4 jackals (D:4)
  9 kobolds
  4 quokkas
  5 bats
  3 frilled lizards (D:1)
  11 goblins
  22 orc zombies (Bailey)
  5 rats
  A plant (Shoals:4)
  13 tentacles
1505 creatures vanquished.

Vanquished Creatures (collateral kills)
  A golden dragon (Vaults:5)
  Donald (Vaults:1)
  A war gargoyle (Vaults:5)
  2 deep trolls (Vaults:1)
  A redback (Lair:2)
  A vampire mosquito (D:12)
  An ogre (Orc:1)
  A boggart (Vaults:2)
  An orc wizard (Orc:2)
10 creatures vanquished.

Vanquished Creatures (others)
  A vault guard (D:13)
  2 hornets (Orc:1)
  A human (D:13)
  A warg (Orc:2)
  An orc (Orc:2)
  23 fungi
  130 plants
  3 snaplasher vines (Vaults:3)
  25 tentacles
187 creatures vanquished.

Grand Total: 1702 creatures vanquished

Notes
Turn   | Place    | Note
-------+----------+-------------------------------------------
     0 | D:1      | drugrobin the Demigod Warper began the quest for the Orb.
     0 | D:1      | Reached XP level 1. HP: 17/17 MP: 5/5
   155 | D:1      | Reached skill level 2 in Polearms
   519 | D:1      | Found Ucimiad's Distillery.
   529 | D:1      | Bought a potion of degeneration for 13 gold pieces
   552 | D:1      | Reached XP level 2. HP: 13/24 MP: 7/7
   558 | D:1      | Learned a level 2 spell: Blink
  1438 | D:1      | Reached skill level 3 in Polearms
  2693 | D:1      | Bought a potion of curing for 39 gold pieces
  3018 | D:3      | Reached XP level 3. HP: 10/29 MP: 8/8
  3530 | D:3      | Noticed a kobold brigand
  3573 | D:4      | Learned a level 3 spell: Teleport Other
  4220 | D:4      | Reached skill level 4 in Polearms
  4250 | D:4      | Noticed Robin
  4526 | D:3      | Reached XP level 4. HP: 36/36 MP: 9/9
  4729 | D:3      | Killed a kobold brigand
  5170 | D:4      | Reached skill level 5 in Polearms
  5170 | D:4      | Reached XP level 5. HP: 41/41 MP: 10/10
  5292 | D:4      | Identified the +7 chain mail of the Pit {Contam rC+ Will-
                  | Int+10}
  5747 | D:4      | Reached XP level 6. HP: 40/48 MP: 11/11
  5927 | D:4      | Killed Robin
  6022 | D:5      | Entered Level 5 of the Dungeon
  6126 | D:4      | Reached skill level 6 in Polearms
  6332 | D:5      | Reached XP level 7. HP: 24/53 MP: 12/12
  6628 | D:6      | Reached skill level 5 in Translocations
  6829 | D:6      | Reached skill level 7 in Polearms
  7179 | D:5      | Found a staircase to the Ecumenical Temple.
  7529 | D:5      | Noticed Ijyb
  7560 | D:5      | Killed Ijyb
  7561 | D:5      | Reached XP level 8. HP: 60/60 MP: 13/13
  8210 | D:6      | Reached skill level 8 in Polearms
  8468 | D:6      | Found a runed translucent door.
  8469 | D:6      | Noticed cyrus's ghost (novice MiFi)
  9627 | D:7      | Reached skill level 9 in Polearms
  9645 | D:7      | Reached XP level 9. HP: 46/67 MP: 14/14
  9927 | D:7      | Learned a level 3 spell: Gell's Gravitas
 10501 | D:7      | Noticed Maggie
 10525 | D:7      | Killed Maggie
 10526 | D:7      | Reached skill level 10 in Polearms
 10755 | D:7      | Reached skill level 1 in Armour
 11157 | D:8      | Identified the +4 long sword of Terra Nullius {freeze,
                  | rPois Will+ rCorr}
 11277 | D:8      | Noticed a seven-headed hydra
 11312 | D:8      | Killed a seven-headed hydra
 11313 | D:8      | Reached skill level 11 in Polearms
 11313 | D:8      | Reached XP level 10. HP: 73/73 MP: 10/15
 11425 | D:8      | Noticed a two-headed ogre
 11426 | D:8      | Noticed a five-headed hydra
 11581 | D:8      | Noticed a two-headed ogre
 12481 | D:9      | Reached skill level 5 in Armour
 13171 | D:9      | Found a staircase to the Lair.
 13334 | D:9      | Noticed Joseph
 13346 | D:9      | Killed Joseph
 13347 | D:9      | Reached skill level 12 in Polearms
 13806 | D:10     | Entered Level 10 of the Dungeon
 13884 | D:10     | Found a flagged portal.
 13960 | Bailey   | Entered a bailey
 14765 | Bailey   | Identified the +1 leather armour of Beyond {rN++ Str-4}
 15489 | D:10     | Found a staircase to the Orcish Mines.
 15794 | D:10     | Found a transporter.
 16090 | D:11     | Noticed an obsidian statue
 16094 | D:11     | Learned a level 1 spell: Apportation
 16169 | D:11     | Reached skill level 13 in Polearms
 16305 | D:11     | Noticed a cyclops
 16321 | D:11     | Killed a cyclops
 16322 | D:11     | Reached XP level 11. HP: 79/79 MP: 17/17
 16457 | D:11     | Noticed a centaur warrior
 16469 | D:11     | Killed a centaur warrior
 16511 | D:11     | Found a portal to a secret trove of treasure.
 16726 | D:11     | Noticed a skeletal warrior
 16726 | D:11     | Noticed a skeletal warrior
 16726 | D:11     | Noticed a skeletal warrior
 16810 | D:10     | Killed a skeletal warrior
 16811 | D:10     | Reached skill level 1 in Evocations
 17090 | D:11     | Killed a skeletal warrior
 17685 | Orc:1    | Entered Level 1 of the Orcish Mines
 17957 | Orc:1    | Noticed Gastronok
 18400 | Orc:1    | You fall into a shaft and drop 1 floor!
 18400 | Orc:2    | Entered Level 2 of the Orcish Mines
 18400 | Orc:2    | Noticed Sonja
 18419 | Orc:2    | Found Kerchin's Antique Weapon Shop.
 18419 | Orc:2    | Noticed a two-headed ogre
 18456 | Orc:2    | Noticed an ogre mage
 18458 | Orc:2    | Noticed Snorg
 18469 | Orc:2    | Noticed a deep troll
 18471 | Orc:2    | Found Jijuhill's Antique Armour Shoppe.
 18471 | Orc:2    | Noticed a deep troll
 18990 | Orc:1    | Killed Gastronok
 18991 | Orc:1    | Reached skill level 14 in Polearms
 19156 | Orc:1    | Paralysed by a floating eye for 4 turns
 19171 | Orc:1    | Noticed an ogre mage
 19358 | Orc:1    | Killed an ogre mage
 19373 | Orc:1    | Noticed an ogre mage
 19398 | Orc:1    | Killed an ogre mage
 19416 | Orc:1    | Paralysed by a hornet for 2 turns
 20580 | Orc:1    | Reached skill level 5 in Fighting
 20637 | Orc:2    | Noticed a two-headed ogre
 20637 | Orc:2    | Noticed Saint Roka
 20637 | Orc:2    | Found Ruxzewk's Distillery.
 20638 | Orc:2    | Noticed a two-headed ogre
 20696 | Orc:2    | Noticed a two-headed ogre
 21009 | Orc:1    | Killed a two-headed ogre
 21029 | Orc:2    | Noticed an ogre mage
 21045 | Orc:2    | Killed an ogre mage
 21046 | Orc:2    | Reached XP level 12. HP: 94/94 MP: 18/18
 21168 | Orc:1    | Reached skill level 5 in Evocations
 21643 | Orc:1    | Killed an ogre mage
 22192 | Orc:1    | Learned a level 5 spell: Manifold Assault
 22856 | Orc:1    | Reached skill level 15 in Polearms
 24165 | Orc:1    | Killed Sonja
 24378 | Orc:2    | Bought a potion of heal wounds for 80 gold pieces
 24378 | Orc:2    | Found a staircase to the Elven Halls.
 24380 | Orc:2    | Found Rithudau's Assorted Antiques.
 24602 | Orc:2    | Paralysed by an orc sorcerer for 2 turns
 26621 | D:12     | Noticed a centaur warrior
 26642 | D:12     | Killed a centaur warrior
 26844 | D:12     | Noticed a seven-headed hydra
 26886 | D:12     | Killed a seven-headed hydra
 27110 | D:12     | Reached XP level 13. HP: 85/107 MP: 19/19
 27239 | D:12     | Noticed Jorgrun
 27767 | D:13     | Found Hirchuliq's General Store.
 27872 | D:13     | Found a runed translucent door.
 27903 | D:13     | Noticed Obruor's ghost (journeyman DgEE)
 27954 | D:13     | Killed Obruor's ghost
 28573 | D:13     | Reached skill level 10 in Translocations
 29412 | D:13     | Identified the +7 great sword "Qinutig" {vorpal, Fragile
                  | rElec rC+ Will++}
 29639 | D:13     | Found a gate to the Vaults.
 29725 | D:13     | Reached skill level 16 in Polearms
 31404 | D:14     | Identified the +6 dagger of Discomfort {protect, Drain
                  | rPois Will- rCorr}
 31802 | D:14     | Found a runed translucent gate.
 31802 | D:14     | Found a runed translucent gate.
 31802 | D:14     | Found a runed translucent gate.
 32587 | D:15     | Entered Level 15 of the Dungeon
 33317 | D:14     | Reached XP level 14. HP: 116/118 MP: 20/20
 33682 | D:15     | Reached skill level 10 in Fighting
 34076 | D:15     | Found a staircase to the Depths.
 34326 | Lair:1   | Entered Level 1 of the Lair of Beasts
 34595 | Lair:1   | Noticed Nergalle
 34617 | Lair:1   | Killed Nergalle
 35102 | Lair:1   | Identified a scroll of acquirement
 35102 | Lair:1   | Acquired the ring "Wenyk" {rElec rF+ Will+ Dex+6 Stlth-}
 36182 | Lair:2   | Noticed Fannar
 36208 | Lair:2   | Killed Fannar
 37038 | Lair:2   | Found a hole to the Spider Nest.
 37396 | Lair:3   | Found a staircase to the Shoals.
 40338 | Lair:5   | Found a runed translucent door.
 40409 | Lair:5   | Found a runed translucent door.
 40440 | Lair:5   | Reached skill level 17 in Polearms
 40448 | Lair:5   | Found a staircase to the Slime Pits.
 41170 | Lair:6   | Entered Level 6 of the Lair of Beasts
 42179 | Lair:6   | Reached XP level 15. HP: 107/130 MP: 10/21
 43555 | Lair:6   | Found a gateway to Hell.
 43964 | Orc:2    | Bought the +8 glaive of the Guard {elec, spectral, AC+5}
                  | for 2273 gold pieces
 43964 | Orc:2    | Found the +8 glaive of the Guard {elec, spectral, AC+5}
 44470 | Depths:1 | Entered Level 1 of the Depths
 44931 | Depths:1 | Noticed a tengu reaver
 45000 | Depths:1 | Killed a tengu reaver
 45913 | Depths:1 | Cast into level 2 of the Abyss (hell knight)
 46068 | Depths:1 | Escaped the Abyss
 46412 | Depths:1 | Learned a level 3 spell: Mephitic Cloud
 46609 | Depths:1 | Noticed a walking earthen tome
 46689 | Depths:1 | Reached skill level 10 in Armour
 46802 | Depths:1 | Reached skill level 1 in Conjurations
 46961 | Depths:1 | Killed a walking earthen tome
 47358 | Depths:1 | You fall into a shaft and drop 1 floor!
 47380 | Depths:2 | Found a one-way gateway to a ziggurat.
 47380 | Depths:2 | Noticed a fire giant
 47389 | Depths:2 | Killed a fire giant
 47399 | Depths:2 | Found a one-way gate leading to the halls of Pandemonium.
 47848 | Depths:1 | Reached skill level 18 in Polearms
 47979 | Depths:1 | Reached XP level 16. HP: 96/141 MP: 22/22
 48522 | Shoals:1 | Entered Level 1 of the Shoals
 48955 | Shoals:1 | Found Gikooli's General Store.
 48957 | Shoals:1 | Bought 6 curare-tipped darts for 57 gold pieces
 48957 | Shoals:1 | Bought a scroll of blinking for 120 gold pieces
 50043 | Shoals:2 | Noticed Louise
 50077 | Shoals:1 | Killed Louise
 50382 | Shoals:1 | Reached skill level 5 in Conjurations
 50913 | Shoals:2 | Noticed a kraken
 50949 | Shoals:2 | Killed a kraken
 51011 | Shoals:2 | Identified the +2 leather armour of Paokagge {Fly rF- SInv}
 52009 | Shoals:3 | Found Xucuptits's Book Shop.
 52288 | Shoals:3 | Found a frozen archway.
 52445 | IceCv    | Entered an ice cave
 52562 | IceCv    | Learned a level 3 spell: Lesser Beckoning
 53195 | IceCv    | Identified the ring "Aholeu" {Ice +Blink rPois Dex-2}
 53206 | IceCv    | Identified the ring of Oxoisoc {Drain Fly rC- MP+9 Int+5}
 54175 | Shoals:3 | Found Kosunn's Antique Weapon Emporium.
 54315 | Shoals:3 | Bought a book of the Warp for 512 gold pieces
 54471 | Shoals:3 | Reached XP level 17. HP: 151/151 MP: 24/26
 55437 | Shoals:4 | Entered Level 4 of the Shoals
 55626 | Shoals:4 | Noticed Nikola
 55773 | Shoals:3 | Killed Nikola
 56441 | Shoals:4 | Reached skill level 19 in Polearms
 57032 | Shoals:4 | Noticed Aizul
 57043 | Shoals:4 | Killed Aizul
 57087 | Shoals:4 | Got a barnacled rune of Zot
 57115 | Shoals:4 | Noticed Ilsuiw
 57120 | Shoals:4 | Reached skill level 5 in Spellcasting
 57148 | Shoals:4 | HP: 3/151 [snapping turtle (5)]
 58563 | Shoals:4 | Killed Ilsuiw
 58836 | Shoals:4 | Found Winkelried's Dragon-Slaying Spoils.
 59232 | Spider:1 | Entered Level 1 of the Spider Nest
 59538 | Lair:2   | Learned a level 6 spell: Dispersal
 62298 | Spider:2 | Identified the +0 pair of gloves of the Nexus {+Inv rPois
                  | Will+}
 63018 | Spider:3 | Reached XP level 18. HP: 161/161 MP: 14/32
 63428 | Spider:3 | Identified the +1 leather armour "Ongon" {+Blink rElec
                  | rCorr}
 63816 | Spider:4 | Entered Level 4 of the Spider Nest
 63993 | Spider:4 | Learned a level 5 spell: Summon Forest
 64136 | Spider:4 | Noticed Arachne
 64161 | Spider:4 | Killed Arachne
 65429 | Spider:4 | Reached skill level 15 in Fighting
 65650 | Spider:4 | Got a gossamer rune of Zot
 65913 | D:12     | Killed Jorgrun
 66249 | Vaults:1 | Entered Level 1 of the Vaults
 66366 | Vaults:1 | Reached skill level 20 in Polearms
 66825 | Vaults:1 | Noticed Donald
 67072 | Vaults:1 | Killed Donald
 68140 | Vaults:2 | Identified the ring "Tattiaz" {Fire rPois Dex+3}
 68202 | Vaults:2 | Identified the +3 dagger "Wefoxku" {venom, Dex+8}
 68485 | Vaults:2 | Reached XP level 19. HP: 172/172 MP: 36/36
 68536 | Vaults:2 | Reached skill level 5 in Dodging
 70494 | Vaults:3 | Found a magical portal.
 70501 | WizLab   | Entered Cigotuvi's Fleshworks
 71042 | WizLab   | Found the -2 hat of the Alchemist {rElec rPois rF+ rC+ rN+
                  | Will+ rMut rCorr}
 71107 | WizLab   | Got Fuju's Reference Book on Transmigration
 71111 | WizLab   | Got the Almanac of Transformation
 71115 | WizLab   | Got Cigotuvi's Collected Works on Doomed Changing
 71841 | Vaults:3 | Noticed Jory
 71853 | Vaults:3 | Killed Jory
 72349 | Vaults:3 | Noticed Mara
 72360 | Vaults:3 | Killed Mara
 73475 | Vaults:3 | Found a staircase to the Crypt.
 74030 | Vaults:3 | Reached XP level 20. HP: 161/184 MP: 37/37
 75736 | Vaults:4 | Noticed Frederick
 75743 | Vaults:4 | Killed Frederick
 75993 | Vaults:4 | Learned a level 4 spell: Animate Dead
 76047 | Vaults:4 | Reached skill level 10 in Dodging
 76069 | Vaults:4 | Reached skill level 1 in Necromancy
 76972 | Vaults:4 | Found the +3 hat of Pondering {ponderous, Will+ MP+10
                  | Int+5}
 77006 | Vaults:4 | Identified the +0 hat of Lifatorgh {rF+}
 77058 | Vaults:5 | Entered Level 5 of the Vaults
 77069 | Vaults:5 | Reached skill level 5 in Necromancy
 77412 | Vaults:5 | Noticed a golden dragon
 77429 | Vaults:5 | Killed a golden dragon
 77430 | Vaults:5 | Noticed a golden dragon
 77453 | Vaults:5 | Killed a golden dragon
 77555 | Vaults:5 | Identified the amulet of Mycsoico {Acrobat rElec Int+2}
 77557 | Vaults:5 | HP: 8/176 [phantasmal warrior (24)]
 77559 | Vaults:5 | HP: 1/176 [phantasmal warrior (18)]
 77579 | Vaults:5 | Slain by a vault warden

Illustrated notes

Levels and vault maps discovered:
D:1:      shiori_arrival_maze, layout_basic, shapermc_ecumenical_altar_venn,
          serial_shops, nicolae_shop_crystal
D:2:      layout_basic
D:3:      layout_basic, serial_park_tiny_2
D:4:      layout_basic, uniq_robin
D:5:      layout_rooms, minmay_temple_entry_offerings, serial_curves,
          eino_curves_03, eino_curves_04, uniq_ijyb
D:6:      layout_basic, ebering_ghost_inner_flame
D:7:      minmay_bubble_buster, layout_loops_ring, lemuel_doored_altar,
          hangedman_abyss_or_decor_stagger, uniq_maggie
D:8:      layout_basic
D:9:      layout_layer_cave, mainiacjoe_overflow_alcove_2,
          grunt_temple_overflow_diamond, erik_lair_orcish_takeover,
          serial_rivers, chequers_serial_rivers_marsh,
          chequers_serial_rivers_micro_c, chequers_serial_rivers_micro_c,
          chequers_serial_rivers_room_b, uniq_joseph
D:10:     layout_basic, minitemple, grunt_nemelex_the_gamble, lemuel_tele_altar,
          hiddenorc1_lemuel, enter_bailey_4
D:11:     layout_loops_ring, nicolae_trove_entry_free_sample,
          minmay_statue_bubble
D:12:     layout_cave_pools, uniq_jorgrun
D:13:     layout_layer_cave, ximxim_vaults_locker_room, serial_shops,
          nicolae_shop_hallway_plus, ebering_ghost_reflecting_pool
D:14:     layout_irregular_city, hangedman_abyss_or_decor_jellyfish_corner,
          ploomutoo_gammafunk_ghost_potion_laboratory
D:15:     hangedman_depths_entry_civil_slaughter, layout_irregular_city,
          nicolae_sif_muna_condensation, billiards_dpeg
Lair:1:   layout_long_grid, lemuel_fruit_tree, infiniplex_staircase_pool,
          uniq_nergalle
Lair:2:   layout_concentric_octagons, spider_nest_entry_a, special_room
          [special_room_bee], beast_lair_carwin_3, grunt_megastairs_2,
          uniq_fannar
Lair:3:   layout_regular_city, elwin_shoals_entry_stream,
          chequers_serial_rivers_micro_e
Lair:4:   layout_regular_city
Lair:5:   dreamdust_labyrinth, layout_hall_layers, slime_altar_2,
          serial_bayou_shore_b
Lair:6:   evil_forest, layout_cave_pods
Shoals:1: layout_shoals, serial_shops, nicolae_shop_hallway_stairs
Shoals:2: layout_shoals, uniq_louise
Shoals:3: nzn_motion_control, layout_shoals, serial_shops, shop,
          portal_ice_cave_entry_ice_statue_one, nicolae_stop_n_shop_2,
          nicolae_shoals_dead_sea_scrolls
Shoals:4: shoals_end_hangedman, layout_shoals, shoals_ilsuiw_alternative,
          nicolae_shop_dragon_depot, uniq_nikola, uniq_aizul
Spider:1: layout_spider_delve
Spider:2: layout_spider_delve, spiders_nest_hornet_nest
Spider:3: layout_spider_delve
Spider:4: guppyfry_spider_rune, special_room, uniq_arachne
Orc:1:    hellmonk_paralyzer, layout_caves, uniq_gastronok
Orc:2:    st_orc_open, layout_caves, uniq_snorg, uniq_saint_roka, uniq_sonja
Vaults:1: nicolae_vaults_hallways_thing, vaults_dpeg_doors,
          hangedman_vaults_unwind, v_alt_pattern_6, hangedman_vaults_impose,
          v_misc_17, ontoclasm_vaults_shuriken, nicolae_vaults_little_squares_1,
          v_misc_11, v_misc_30, nicolae_vaults_rhombus_5,
          hangedman_vaults_stretched_pinwheel, layout_vaults_maze_snakey,
          uniq_donald
Vaults:2: ontoclasm_vaults_ligature, vaults_mumra_minichess_inversion,
          nicolae_vaults_diagonal_hallway_7, hangedman_vaults_corner_blocks,
          st_more_cells, vaults_room_corners, layout_vaults_big_room
Vaults:3: mu_enter_wizlab_5, v_misc_17, hangedman_vaults_stream,
          minmay_crypt_entry_simple_round, nicolae_vaults_alarming,
          vaults_room_pool, dpeg_vaults_monster_box, layout_vaults_omnigrid,
          uniq_margery, uniq_jory, uniq_mara
Vaults:4: nicolae_vaults_windows_and_doors_thing,
          nicolae_vaults_twisting_passages, nicolae_vaults_network_periphery,
          grunt_tower_of_power, nicolae_vaults_little_squares_3,
          vaults_room_octagon, nicolae_vaults_sealed_display,
          ontoclasm_vaults_chip, grunt_vaults_hallway_short,
          ontoclasm_vaults_idyll, ontoclasm_vaults_decontamination,
          layout_vaults_omnicross, uniq_frederick
Vaults:5
Depths:1: layout_basic, okawaru_trees_1, hellmouth_3, nooodl_orcs_dogs,
          serial_bayou_shore_b, firewood_loft, serial_bayou_shore_b
Depths:2: minmay_glassy_protrusions, layout_gridville, ziggurat_fallback,
          pan_entry, hell_entry, hangedman_cracks_in_the_wall,
          infiniplex_staircase_pillars_3b, minmay_shop_grove

Skill      XL: |  1  2  3  4  5  6  7  8  9 10 11 12 13 14 15 16 17 18 19 20 |
---------------+-------------------------------------------------------------+-----
Polearms       | 2 3 4 5 6 7 9 11 13 14 15 16 17 18 19 20 | 20.0
Translocations | 3 4 5 7 8 9 11 12 13 | 13.9
Armour         | 4 5 6 8 10 11 12 14 | 14.0
Fighting       | 5 7 9 11 12 13 14 15 17 18 | 18.1
Evocations     | 4 6 7 9 |  9.0
Conjurations   | 3 5 |  5.0
Spellcasting   | 3 6 8 |  8.7
Dodging        | 4 8 10 | 10.1
Necromancy     | 6 |  6.4
Throwing       | |  0.8

Action                   |  1- 3 |  4- 6 |  7- 9 | 10-12 | 13-15 | 16-18 | 19-21 || total
-------------------------+-------+-------+-------+-------+-------+-------+-------++-------
Melee: Spear             |   226 |   143 |       |       |       |       |       ||   369
       Punch             |     5 |     2 |     3 |     9 |       |     4 |       ||    23
       Trident           |       |    23 |   442 |   553 |       |   232 |       ||  1250
       Glaive            |       |       |       |   512 |   764 |  1058 |   666 ||  3000
       Long sword        |       |       |       |    15 |       |       |       ||    15
       Bardiche          |       |       |       |       |   491 |    26 |       ||   517
       Scimitar          |       |       |       |       |     5 |       |       ||     5
 Fire: Hunting sling     |       |     3 |       |       |       |       |       ||     3
       Shortbow          |       |       |    25 |    43 |    20 |    13 |       ||   101
Throw: Stone             |    19 |     3 |     6 |       |       |       |       ||    28
       Boomerang         |     1 |       |       |       |       |       |       ||     1
       Dart              |       |    13 |    25 |    21 |    13 |     5 |     1 ||    78
       Javelin           |       |     1 |     6 |    21 |     8 |     2 |     3 ||    41
       Throwing net      |       |       |       |     1 |     3 |       |       ||     4
 Cast: Blink             |     3 |     1 |    14 |    44 |    27 |    22 |    13 ||   124
       Teleport Other    |       |     2 |       |    36 |    18 |    14 |     3 ||    73
       Gell's Gravitas   |       |       |       |     5 |    23 |    36 |    39 ||   103
       Apportation       |       |       |       |     3 |     9 |    35 |     5 ||    52
       Manifold Assault  |       |       |       |       |    71 |   156 |    25 ||   252
       Mephitic Cloud    |       |       |       |       |     1 |     5 |     2 ||     8
       Lesser Beckoning  |       |       |       |       |       |     8 |    11 ||    19
       Dispersal         |       |       |       |       |       |     4 |     5 ||     9
       Summon Forest     |       |       |       |       |       |     4 |     6 ||    10
       Animate Dead      |       |       |       |       |       |       |     4 ||     4
 Abil: Evoke Blink       |       |       |       |       |       |     2 |       ||     2
Evoke: Wand              |       |     5 |     7 |    18 |     1 |     1 |     9 ||    41
       Condenser vane    |       |       |       |       |     1 |     1 |     2 ||     4
       Phantom mirror    |       |       |       |       |     1 |     3 |     2 ||     6
  Use: Potion            |       |     1 |       |     2 |     1 |     2 |     6 ||    12
       Scroll            |       |       |       |    15 |    17 |     2 |     6 ||    40
 Stab: Sleeping          |     1 |       |       |       |       |       |       ||     1
       Paralysed         |       |       |       |     4 |       |       |       ||     4
       Petrified         |       |       |       |       |     5 |       |       ||     5
       Petrifying        |       |       |       |       |     1 |       |       ||     1
       Distracted        |       |       |       |       |     3 |    25 |    16 ||    44
       Confused          |       |       |       |       |     1 |     3 |     2 ||     6
Armor: Leather armour    |    52 |     3 |       |       |       |       |       ||    55
       Chain mail        |       |    49 |   227 |   555 |   555 |   606 |   170 ||  2162
Dodge: Dodged            |   104 |    44 |   132 |   389 |   390 |   330 |   147 ||  1536
       Repelled          |       |       |       |       |       |       |    12 ||    12
Block: Other             |       |       |    62 |   229 |   208 |   186 |    60 ||   745
       Reflection        |       |       |     1 |     8 |    11 |    18 |    10 ||    48

Table legend: (Time is in decaauts)
 A = Elapsed time spent in this place.
 B = Non-inter-level travel time spent in this place.
 C = Inter-level travel time spent in this place.
 D = Time resting spent in this place.
 E = Time spent auto-exploring this place.
 F = Levels seen in this place.
 G = Mean time per level.
                   A        B        C        D        E       F      G
               +--------+--------+--------+--------+--------+-----+--------+
         Total |  77074 |  72905 |   4169 |  23991 |  26401 |  42 | 1835.1 |
       Dungeon |  27380 |  25725 |   1655 |   7692 |  11836 |  15 | 1825.3 |
          Lair |  12008 |  11404 |    604 |   4094 |   5213 |   6 | 2001.3 |
        Shoals |   9575 |   9105 |    470 |   3502 |   2933 |   4 | 2393.8 |
   Spider Nest |   4336 |   4122 |    214 |    998 |   1202 |   4 | 1084.0 |
  Orcish Mines |   7493 |   6913 |    580 |   3091 |   1773 |   2 | 3746.5 |
        Vaults |   9942 |   9471 |    471 |   2938 |   1999 |   5 | 1988.4 |
        Depths |   3185 |   3012 |    173 |   1044 |    953 |   2 | 1592.5 |
         Abyss |    153 |    153 |      0 |     70 |      0 |   1 |  153.0 |
        Bailey |    851 |    851 |      0 |    234 |    178 |   1 |  851.0 |
      Ice Cave |    976 |    976 |      0 |    310 |    159 |   1 |  976.0 |
        Wizlab |   1169 |   1169 |      0 |     14 |    154 |   1 | 1169.0 |
               +--------+--------+--------+--------+--------+-----+--------+

Top non-repeatable levels by time:
   Orc:1: 6100 daAuts
  Lair:2: 3569 daAuts
Depths:1: 3126 daAuts
    D:10: 3084 daAuts
    D:13: 3054 daAuts
Vaults:2: 3043 daAuts
Shoals:3: 2696 daAuts
Vaults:4: 2623 daAuts
  Lair:6: 2588 daAuts
Shoals:4: 2536 daAuts
Shoals:1: 2420 daAuts
Vaults:3: 2216 daAuts
    D:11: 2148 daAuts
     D:7: 2030 daAuts
    D:15: 1982 daAuts
